 Dungeon Crawl Stone Soup version 0.30.0-19-g36f170ea60 (webtiles) character file.

Game seed: 5085589334146770541

4687 vanon20230528 the Covert (level 10, -6/57 HPs)
             Began as an Octopode Conjurer on May 29, 2023.
             Was a Follower of Kikubaaqudgha.
             Mangled by a howler monkey (7 damage)
             ... while paralysed by a hornet
             ... on level 8 of the Dungeon.
             The game lasted 01:02:40 (14497 turns).

vanon20230528 the Covert (Octopode Conjurer)       Turns: 14497, Time: 01:02:42

Health: -6/57      AC:  1    Str:  3    XL:     10   Next: 44%
Magic:  18/18      EV:  2    Int: 33    God:    Kikubaaqudgha [*.....]
Gold:   417        SH:  0    Dex: 10    Spells: 3/19 levels left

rFire   + . .        l - +5 great sword "Beecsywy" {freeze, Str-3 Int+7 Stlth+}
rCold   + . .        (shield currently unavailable)
rNeg    . . .        (helmet restricted)
rPois   .            (no amulet)
rElec   .            f - ring of protection from cold
rCorr   .            o - ring of see invisible
SInv    +            r - ring of protection from fire
Will    .....        (no ring)
Stlth   ++++++       (no ring)
HPRegen 0.29/turn    (no ring)
MPRegen 0.16/turn    (no ring)
                     (no ring)

%: no passive effects
@: paralysed, lethally poisoned (-6 -> -14), slowed
A: almost no armour, amphibious, 8 rings, camouflage 1, gelatinous body 1,
(nimble swimmer 1), tentacles
a: Renounce Religion, Unearth Wretches


You were on level 8 of the Dungeon.
You worshipped Kikubaaqudgha.
Kikubaaqudgha was aware of your devotion.
You visited 2 branches of the dungeon, and saw 9 of its levels.
You also visited: Bailey.

You collected 417 gold pieces.

Inventory:

Hand Weapons
 e - the +1 mace "Wycolu" {protect, Will- Str+6 Dex+8}
   (You found it on level 3 of the Dungeon)

   Str:       It affects your strength (+6).
   Dex:       It affects your dexterity (+8).
   Will:      It decreases your willpower.
 g - a +4 dagger
 l - the +5 great sword "Beecsywy" (weapon) {freeze, Str-3 Int+7 Stlth+}
   (You found it in a bailey)

   Str:       It affects your strength (-3).
   Int:       It affects your intelligence (+7).
   Stlth:     It makes you more stealthy.
 p - a +0 whip of flaming
 q - a +0 whip of electrocution
Jewellery
 f - a ring of protection from cold (left tentacle)
 o - a ring of see invisible (right tentacle)
 r - a ring of protection from fire (on tentacle)
Wands
 n - a wand of polymorph (1)
Scrolls
 c - a scroll of fear
 d - 3 scrolls of magic mapping
 j - a scroll of teleportation
 m - 2 scrolls of identify
Potions
 a - 4 potions of attraction
 b - 2 potions of mutation
 h - a potion of curing {unknown}
 i - a potion of lignification
 k - 2 potions of might
 s - a potion of cancellation {unknown}


   Skills:
 - Level 0.3 Fighting
 - Level 1.0 Maces & Flails
 + Level 5.5 Dodging
 + Level 8.1 Stealth
 + Level 5.4 Spellcasting
 + Level 7.9 Conjurations
 * Level 3.0 Hexes
 + Level 4.9 Necromancy
 + Level 4.8 Earth Magic
 + Level 5.4 Evocations


You had 3 spell levels left.
You knew the following spells:

 Your Spells              Type           Power      Damage    Failure   Level
a - Magic Dart            Conj           100%       1d8       1%          1
b - Searing Ray           Conj           100%       2d8       1%          2
c - Scorch                Fire           18%        2d6       7%          2
d - Passwall              Tmut/Erth      20%        N/A       2%          2
e - Dazzling Flash        Conj/Hex       90%        N/A       1%          3
f - Necrotise             Necr           100%       1d9       1%          1
g - Cigotuvi's Dreadful   Necr/Pois/Air  38%        N/A       3%          2
h - Stone Arrow           Conj/Erth      100%       3d13      1%          3

Your spell library contained the following spells:

 Spells                   Type           Power      Damage    Failure   Level
 Kiss of Death            Conj/Necr      100%       2d13      1%          1
 Sandblast                Erth           82%        2d17      1%          1
 Vampiric Draining        Necr           41%        2d8       1%          3
 Fulminant Prism          Conj/Hex       22%        3d12      4%          4
 Flame Wave               Conj/Fire      35%        2d10      9%          4
 Iskenderun's Mystic Bla  Conj/Tloc      35%        2d8       9%          4
 Borgnjor's Vile Clutch   Necr/Erth      20%        N/A       17%         5
 Alistair's Intoxication  Tmut/Pois      6%         N/A       77%         5
 Eringya's Noxious Bog    Tmut/Pois      4%         N/A       100%        6
 Summon Cactus Giant      Summ           4%         N/A       100%        6


Dungeon Overview and Level Annotations

Branches:
Dungeon (8/15)             Temple (1/1) D:4          Bailey (visited)
   Lair: D:8-11

Altars:
Ashenzari
Cheibriados
Dithmenos
Elyvilon
Fedhas
Gozag
Hepliaklqana
Kikubaaqudgha
Makhleb
Nemelex Xobeh
Okawaru
Qazlal
Ru
Sif Muna
Uskayaw
Vehumet
Wu Jian
Xom
Yredelemnul
Zin
The Shining One

Shops:
D:8 [

Annotations:
D:8 Erica


Innate Abilities, Weirdness & Mutations

You cannot wear most types of armour.
You are amphibious.
You can wear up to eight rings at the same time.
Your skin changes colour to match your surroundings (Stealth+).
Your rubbery body absorbs attacks. (AC +1, EV +1)
((You are camouflaged when in or above water. (Stealth+)))
You have tentacles for arms and can constrict up to eight enemies at once.


Message History

Unknown command.
m - 2 scrolls of identify (gained 1)
You now have 417 gold pieces (gained 16).
Items here: )) [[ †.
Items here: )) [ †.
Found an escape hatch in the floor.
Found a stone staircase leading down.
Things that are here:
a +0 flail; a +0 ring mail A howler monkey comes into view.
A howler monkey is nearby!
A howler monkey is nearby!
A howler monkey is nearby!
An orc wizard comes into view.
It is wielding a +0 hand axe and carrying a wand of light (9).
Found a dagger.
The orc wizard moves out of view.
There is an open door here.
A hornet and a bullfrog come into view.
The helpless hornet fails to defend itself.
You slice the hornet!! You freeze the hornet.
The orc wizard shouts!
Your grab misses the hornet.
The hornet is severely wounded.
The bullfrog gives a loud, deep croak!
The howler monkey howls!
The hornet stings you.
You feel yourself slow down. The howler monkey barely misses you.
The hornet stings you!
You suddenly lose the ability to move!
The bullfrog hits you. The howler monkey hits you. The hornet stings you!
You feel as though you will be slow longer.
The bullfrog hits you. The hornet stings you.
You feel as though you will be slow longer.
The howler monkey hits you. The bullfrog hits you!
* * * LOW HITPOINT WARNING * * *
The hornet stings you!
* * * LOW HITPOINT WARNING * * *
You are lethally poisoned!
You feel as though you will be slow longer.
The howler monkey hits you!
You die...
Kikubaaqudgha rasps: "You have failed me!
Welcome... death!"

#.#.#######
########.#........ ..#
....>............# #.#
#######..#.##.#...# #.#
#..#.# ...#..## #.#
#..#.# ..###..# #.#
#..#.##.##.##.####.#
######..#.....#.'....##.#
#..........# #@##.#..#.#
#.####....##
#hFy####...####.# #.#
#...## ...o... ##.)..>.>#
##.#
#....####...####.)#######
...# #.##..#.##.##.#.)#.#
####
#.###....#.#....#.#.# #
#.......##.##.)#.###.. #
######...###....## #.# #
###..#..#.#.# ##


You could see a hornet, a bullfrog, a howler monkey and an orc wizard.

Vanquished Creatures
  Pikel (D:5)
  3 spriggans (Bailey)
  Eustachio (D:5)
  A steam dragon (Bailey)
  3 water moccasins (D:8)
  Menkaure (D:6)
  A floating eye (Bailey)
  An orc warrior (D:6)
  An ice beast (D:5)
  3 black bears
  A sky beast (D:7)
  5 ogres
  2 phantoms
  3 kobold brigands
  A bullfrog (D:6)
  A scorpion (D:6)
  12 wights
  3 howler monkeys
  A hound (D:5)
  2 orc priests (D:8)
  2 iguanas
  4 sleepcaps
  13 orc wizards
  5 gnolls
  5 adders
  3 shadow imps
  An ufetubus (D:6)
  2 worms
  2 dart slugs
  34 orcs
  5 bats
  6 endoplasms
  2 giant cockroaches
  9 goblins
  9 hobgoblins
  9 jackals
  14 kobolds
  3 quokkas
  6 ball pythons
  5 frilled lizards
  2 rats (D:1)
188 creatures vanquished.

Vanquished Creatures (others)
  An orc (D:6)
  A hobgoblin (D:6)
2 creatures vanquished.

Grand Total: 190 creatures vanquished

Notes
Turn   | Place    | Note
-------+----------+-------------------------------------------
     0 | D:1      | vanon20230528 the Octopode Conjurer began the quest for the
                  | Orb.
     0 | D:1      | Reached XP level 1. HP: 11/11 MP: 3/3
   535 | D:1      | Reached XP level 2. HP: 17/17 MP: 3/5
  1269 | D:2      | Reached XP level 3. HP: 21/21 MP: 1/6
  1275 | D:1      | Learned a level 2 spell: Searing Ray
  1278 | D:1      | Learned a level 2 spell: Scorch
  1674 | D:2      | Identified the +1 robe "Reshogh" {Drain rN+++ Dex+6}
  2832 | D:2      | Reached skill level 5 in Conjurations
  2997 | D:3      | Identified the +1 mace "Wycolu" {protect, Will- Str+6
                  | Dex+8}
  3208 | D:3      | Reached XP level 4. HP: 27/27 MP: 3/7
  3267 | D:3      | Reached skill level 3 in Stealth
  3852 | D:3      | Reached XP level 5. HP: 31/31 MP: 2/8
  4672 | D:4      | Found a staircase to the Ecumenical Temple.
  4717 | D:4      | Noticed an ogre
  4748 | D:3      | Reached skill level 1 in Maces & Flails
  4803 | D:3      | Learned a level 2 spell: Passwall
  5074 | Temple   | Entered the Ecumenical Temple
  5391 | Temple   | Became a worshipper of Kikubaaqudgha
  5798 | D:4      | Noticed a kobold brigand
  5801 | D:4      | Noticed a kobold brigand
  5921 | D:4      | Killed a kobold brigand
  5922 | D:4      | Reached skill level 1 in Hexes
  5922 | D:4      | Reached skill level 1 in Evocations
  5922 | D:4      | Reached XP level 6. HP: 35/37 MP: 2/10
  6014 | D:4      | Reached skill level 1 in Necromancy
  6450 | D:5      | Entered Level 5 of the Dungeon
  6485 | D:5      | Noticed Eustachio
  6524 | D:5      | Killed Eustachio
  6525 | D:5      | Reached skill level 4 in Stealth
  6525 | D:5      | Reached XP level 7. HP: 42/42 MP: 11/11
  6538 | D:5      | Noticed Pikel
  6671 | D:6      | HP: 3/63 [ufetubus (2)]
  6689 | D:6      | Reached XP level 8. HP: 9/47 MP: 13/13
  6694 | D:6      | Reached skill level 5 in Stealth
  6871 | D:5      | Learned a level 3 spell: Dazzling Flash
  6968 | D:5      | Reached skill level 1 in Earth Magic
  7089 | D:5      | Killed Pikel
  7395 | D:5      | Reached * piety under Kikubaaqudgha
  7395 | D:5      | Received a gift from Kikubaaqudgha
  7500 | D:5      | Learned a level 1 spell: Necrotise
  7535 | D:5      | Found a hazy altar of Hepliaklqana.
  7537 | D:5      | Found an iron altar of Okawaru.
  7540 | D:5      | Found a sparkling altar of Nemelex Xobeh.
  7652 | D:6      | Reached XP level 9. HP: 37/52 MP: 2/15
  8070 | D:6      | Noticed Menkaure
  8076 | D:6      | Killed Menkaure
  8077 | D:6      | Reached skill level 6 in Stealth
  8389 | D:5      | Learned a level 2 spell: Cigotuvi's Dreadful Rot
  8395 | D:5      | Learned a level 3 spell: Stone Arrow
  9513 | D:7      | Found a flagged portal.
  9542 | Bailey   | Entered a bailey
 10146 | Bailey   | Noticed a two-headed ogre
 10185 | Bailey   | a two-headed ogre changed into a snapping turtle
 10357 | Bailey   | a snapping turtle changed into a water nymph
 10357 | Bailey   | Noticed a water nymph
 10358 | Bailey   | a water nymph changed into a cyclops
 10358 | Bailey   | Noticed a cyclops
 10359 | Bailey   | a cyclops changed into a swamp dragon
 10359 | Bailey   | Noticed a swamp dragon
 10360 | Bailey   | a swamp dragon changed into a floating eye
 10362 | Bailey   | Reached skill level 7 in Stealth
 10658 | Bailey   | Reached skill level 5 in Dodging
 10658 | Bailey   | Reached skill level 5 in Spellcasting
 11095 | Bailey   | Reached XP level 10. HP: 41/57 MP: 3/17
 11216 | Bailey   | Identified the +5 great sword "Beecsywy" {freeze, Str-3
                  | Int+7 Stlth+}
 11674 | D:7      | Reached skill level 5 in Evocations
 11807 | D:7      | Found a broken altar of Ashenzari.
 13630 | D:8      | Noticed Erica
 13978 | D:8      | Reached skill level 8 in Stealth
 14185 | D:8      | Found Teigurad's Armour Emporium.
 14495 | D:8      | Paralysed by a hornet for 3 turns
 14497 | D:8      | HP: 1/57 [hornet (13)]
 14497 | D:8      | Mangled by a howler monkey

Illustrated notes

Levels and vault maps discovered:
D:1:      dpeg_arrival_stone_temple_mockup, layout_basic
D:2:      layout_loops_ring, serial_glass, glass_columns_a, glass_columns_b,
          item_on_display_a, minmay_strange_pillars
D:3:      layout_loops_ring, chequers_serial_rivers_micro_e
D:4:      cheibrodos_thug_alley, layout_basic, minmay_temple_entry_steel_oval,
          minivault_25
D:5:      layout_basic, grunt_temple_overflow_diamond, hangedman_decor_opposing,
          uniq_pikel, uniq_eustachio
D:6:      layout_loops_ring, kennysheep_generic_room_14, uniq_menkaure
D:7:      layout_basic, cheibrodos_ashenzari_chains, enter_bailey_4
D:8:      layout_loops_ring, minmay_lair_entry_grove, serial_shops,
          nicolae_shop_advertising_works [nicolae_subvault_shop_adworks],
          dreamdust_princess_corridor, minmay_fractal_squares_gapless_5,
          uniq_erica
Temple:   minmay_temple_bridge_d

Skill      XL: |  1  2  3  4  5  6  7  8  9 10 |
---------------+-------------------------------+-----
Conjurations   | 5 6 7 |  7.9
Stealth        | 3 4 5 7 8 |  8.1
Maces & Flails | 1 |  1.0
Spellcasting   | 3 4 5 |  5.4
Hexes          | 1 2 3 |  3.0
Evocations     | 1 2 3 4 5 |  5.4
Necromancy     | 1 2 3 4 |  4.9
Dodging        | 3 4 5 |  5.5
Earth Magic    | 2 4 |  4.8
Fighting       | |  0.3

Action                     |  1- 3 |  4- 6 |  7- 9 | 10-12 || total
---------------------------+-------+-------+-------+-------++-------
  Melee: Mace              |     4 |     2 |       |       ||     6
         Dagger            |     3 |       |    15 |       ||    18
         Tentacles         |     2 |     2 |     4 |     1 ||     9
         Constrict         |     1 |     3 |     4 |     1 ||     9
         Whip              |       |     4 |     7 |       ||    11
         Great sword       |       |       |       |     5 ||     5
   Cast: Magic Dart        |   105 |   120 |    99 |    62 ||   386
         Searing Ray       |     2 |     4 |    13 |     8 ||    27
         Necrotise         |       |       |    25 |     9 ||    34
         Scorch            |       |       |     2 |       ||     2
         Stone Arrow       |       |       |    31 |    25 ||    56
         Passwall          |       |       |     5 |     1 ||     6
         Dazzling Flash    |       |       |     2 |       ||     2
         Cigotuvi's Dreadf |       |       |     2 |       ||     2
 Invoke: Unearth Wretches  |       |       |     2 |       ||     2
  Evoke: Wand              |       |     3 |    34 |       ||    37
    Use: Scroll            |     3 |     8 |     9 |     1 ||    21
         Potion            |     1 |     3 |     3 |       ||     7
   Stab: Sleeping          |       |       |     2 |     3 ||     5
 Armour: Skin              |     4 |     2 |    26 |     1 ||    33
  Dodge: Dodged            |    16 |    20 |    68 |    18 ||   122
